 Dungeon Crawl Stone Soup version 0.30-a0-824-g6c64550be9 (webtiles) character file.

Game seed: 16572450844161740715

1 retardedninja the Trooper (level 1, 19/19 HPs)
             Began as a Hill Orc Fighter on Feb 27, 2023.
             Quit the game on level 1 of the Dungeon.
             The game lasted 00:00:11 (194 turns).

retardedninja the Trooper (Hill Orc Fighter)         Turns: 194, Time: 00:00:12

Health: 19/19      AC:  6    Str: 18    XL:     1   Next: 20%
Magic:  1/1        EV:  9    Int:  8    God:
Gold:   0          SH:  4    Dex: 10    Spells: 0/0 levels left

rFire   . . .      SeeInvis .    a - +0 war axe
rCold   . . .      Faith    .    c - +0 buckler
rNeg    . . .      Spirit   .    b - +0 scale mail
rPois   .          Reflect  .    (no helmet)
rElec   .          Harm     .    (no cloak)
rCorr   .          Rampage  .    (no gloves)
Will    .....                    (no boots) Stlth
                                 (no amulet)
HPRegen 0.23/turn                (no ring)
MPRegen 0.07/turn                (no ring)

@: no status effects
A: no striking features
a: no special abilities


You were on level 1 of the Dungeon.
You visited 1 branch of the dungeon, and saw 1 of its levels.

Inventory:

Hand Weapons
 a - a +0 war axe (weapon)
Armour
 b - a +0 scale mail (worn)
 c - a +0 buckler (worn)
Scrolls
 e - a scroll of magic mapping {unknown}
Potions
 d - 2 potions of might
 f - a potion of resistance {unknown}
 g - a potion of invisibility {unknown}


   Skills:
 + Level 3.6 Fighting
 + Level 2.7 Axes
 + Level 3.3 Armour
 + Level 3.3 Shields


You couldn't memorise any spells.
You didn't know any spells.
Your spell library contained the following spells:

 Spells                   Type           Power      Damage    Failure   Level
 Necrotise                Necr           0%         1d4       87%         1
 Vampiric Draining        Necr           0%         2d6       99%         3
 Agony                    Necr           0%         N/A       100%        5


Dungeon Overview and Level Annotations

Branches:
Dungeon (1/15)

Altars:


Message History

Key pressed, stopping explore.
You open the door.
There is an open door here.
Key pressed, stopping explore.
No target in view!
A rat comes into view.
A rat is nearby!
A rat is nearby!
A rat is nearby!
You barely miss the rat. The rat bites you but does no damage.
You slash the rat!
You kill the rat!
No target in view!
No target in view!
No target in view!
No target in view!
No target in view!
Found a short sword.
You see here a +0 short sword.
Key pressed, stopping explore.
Key pressed, stopping explore.
No target in view!
f - a bubbling grey potion You open the door.
A frilled lizard comes into view.
The frilled lizard hisses angrily.
Found a brown potion and a scale mail.
A frilled lizard is nearby!
You hit the frilled lizard.
You kill the frilled lizard!
There is an open door here.
g - a brown potion No target in view!
You pick up a book of Necromancy and begin reading...
You add the spells Necrotise, Vampiric Draining and Agony to your library.
d - 2 potions of might (gained 1) Key pressed, stopping explore.
A bat comes into view.
Found a blue potion.
Are you sure you want to abandon this character and quit the game? (Confirm with "yes".)

######....# .# #....#
.### #....#
...###....#
##..##....#
##..#....# #+#
##.#....# #.#
#.#....# #.#########
#..########..@.......
##.#........##...###.
#####'#........#
.b..#
#..............#
....#
#..............#
#....#
#..............#
.#!.#
#..............#
.#..#
#####..........# .#
.# ###.[......#


You could see a bat.

Vanquished Creatures
  A frilled lizard (D:1)
  A rat (D:1)
2 creatures vanquished.

Notes
Turn   | Place    | Note
-------+----------+-------------------------------------------
     0 | D:1      | retardedninja the Hill Orc Fighter began the quest for the
                  | Orb.
     0 | D:1      | Reached XP level 1. HP: 19/19 MP: 1/1
   194 | D:1      | Quit the game

Illustrated notes

Levels and vault maps discovered:
D:1:      sevenhm_arrival_forest_fort_small_3, layout_basic, minmay_3d_cube

Action                     || total
---------------------------++-------
  Melee: War axe           ||     3
 Armour: Scale mail        ||     1

Table legend: (Time is in decaauts)
 A = Elapsed time spent in this place.
 B = Non-inter-level travel time spent in this place.
 C = Inter-level travel time spent in this place.
 D = Time resting spent in this place.
 E = Time spent auto-exploring this place.
 F = Levels seen in this place.
 G = Mean time per level.
                   A        B        C        D        E       F      G
               +--------+--------+--------+--------+--------+-----+--------+
         Total |    195 |    195 |      0 |      0 |    180 |   1 |  195.0 |
       Dungeon |    195 |    195 |      0 |      0 |    180 |   1 |  195.0 |
               +--------+--------+--------+--------+--------+-----+--------+

Top non-repeatable levels by time:
     D:1: 195 daAuts
